 Dungeon Crawl Stone Soup version 0.32-a0-705-g60f233581c (webtiles) character file.

Game seed: 3702456570580625666

13010 shadizar the Thaumaturge (level 12, -12/86 HPs)
             Began as a Djinni Conjurer on Mar 14, 2024.
             Was a Believer of Makhleb.
             Mangled by a death yak (22 damage)
             ... on level 1 of the Lair of Beasts.
             The game lasted 00:16:26 (10622 turns).

shadizar the Thaumaturge (Djinni Conjurer)         Turns: 10622, Time: 00:16:27

Health: -12/86     AC:  8    Str:  6    XL:     12   Next: 27%
Gold:   480        EV: 18    Int: 30    God:    Makhleb [**....] SH:  5 Dex: 13

rFire   + + .        (no weapon)
rCold   x . .        (no shield)
rNeg    . . .        n - +0 troll leather armour
rPois   ∞            j - +0 helmet
rElec   .            v - +0 cloak
rCorr   .            q - +1 pair of gloves
SInv    .            (boots unavailable)
Will    +....        o - amulet of reflection
Stlth   ++           y - +5 ring of evasion
HPRegen 1.14/turn    C - +6 ring of intelligence
MPRegen 0.00/turn

%: reflection, infuse magic (-13 HP)
@: flying
A: sickness immunity, fire resistance 2, cold vulnerability 1, float, innate
caster, HP casting, extra vitality 1
a: Renounce Religion, Minor Destruction


You were on level 1 of the Lair of Beasts.
You worshipped Makhleb.
Makhleb was pleased with you.
You visited 3 branches of the dungeon, and saw 12 of its levels.
You also visited: Sewer.

You collected 604 gold pieces.
You spent 124 gold pieces at shops.

Inventory:

Hand Weapons
 x - the +6 dagger of Kyfit {flame, rF+ rN++ rCorr}
   (You found it on level 8 of the Dungeon)

   rF+:       It protects you from fire.
   rN++:      It greatly protects you from negative energy.
   rCorr:     It protects you from acid and corrosion.
Armour
 j - a +0 helmet (worn)
 n - a +0 troll leather armour (worn)
 q - a +1 pair of gloves (worn)
 v - a +0 cloak (worn)
Jewellery
 c - an amulet of faith
 h - a ring of positive energy
 o - an amulet of reflection (around neck)
 s - a +4 ring of protection
 w - a ring of fire
 y - a +5 ring of evasion (left hand)
 C - a +6 ring of intelligence (right hand)
Wands
 b - a wand of acid (6)
 k - a wand of polymorph (16)
 l - a wand of paralysis (3)
 u - a wand of flame (10)
 D - a wand of mindburst (18)
Scrolls
 g - 6 scrolls of teleportation
 m - 2 scrolls of poison
 r - 2 scrolls of enchant weapon
 t - a scroll of enchant armour
 B - a scroll of fear
 E - 2 scrolls of identify
Potions
 a - a potion of attraction {unknown}
 d - 3 potions of curing
 e - a potion of haste
 f - 2 potions of mutation
 i - 6 potions of enlightenment
 p - a potion of ambrosia
 z - a potion of brilliance {unknown}
 A - a potion of cancellation {unknown}


   Skills:
 - Level 8.1 Fighting
 - Level 6.1 Armour
 - Level 7.2 Dodging
 - Level 1.5 Stealth
 + Level 12.0 Spellcasting
 + Level 12.0 Conjurations
 + Level 12.0 Hexes
   Level 0.0 Charms
 + Level 12.0 Summonings
 + Level 12.0 Necromancy
 + Level 12.0 Translocations
   Level 0.0 Transmutations
 + Level 12.0 Fire Magic
 + Level 12.0 Ice Magic
 + Level 12.0 Air Magic
 + Level 12.0 Earth Magic
 + Level 12.0 Alchemy


You knew the following spells:

 Your Spells              Type           Power      Damage    Failure   Level
a - Magic Dart            Conj           100%       1d8       1%          1
b - Searing Ray           Conj           100%       2d8       1%          2
c - Fulminant Prism       Conj/Alch      37%        3d18      1%          4
d - Iskenderun's Mystic   Conj/Tloc      74%        2d15      1%          4
e - Shock                 Conj/Air       100%       1d9       1%          1
f - Static Discharge      Conj/Air       100%       3-8/arc   1%          2
g - Lesser Beckoning      Tloc           100%       N/A       1%          2
h - Passwall              Erth           74%        N/A       1%          3
i - Petrify               Alch/Erth      74%        N/A       1%          4
Your spell library was empty.

Dungeon Overview and Level Annotations

Branches:
Dungeon (10/15)            Temple (1/1) D:6            Lair (1/5) D:10
    Orc (0/2) D:10          Sewer (visited)

Altars:
Ashenzari
Cheibriados
Dithmenos
Elyvilon
Fedhas
Gozag
Hepliaklqana
Makhleb
Nemelex Xobeh
Okawaru
Qazlal
Ru
Trog
Uskayaw
Wu Jian
Xom
Yredelemnul
Zin
The Shining One

Shops:
D:5 *

Annotations:
D:6 1 runed translucent door, Konar's ghost, novice AtFi
D:7 3 runed translucent doors, mrw0lf's ghost, novice GnCK


Innate Abilities, Weirdness & Mutations

You are immune to sickness and miasma.
You are immune to poison.
Your flesh is very heat resistant. (rF++)
You are vulnerable to cold. (rC-)
You float through the air rather than walking.
You learn spells naturally, not from books.
Your magical power is your life essence.
You have superior vitality. (+4 MHP)


Message History

Unknown command.
Casting: Iskenderun's Mystic Blast (safe; 1% risk of failure)
Confirm with . or Enter, or press ? or * to list all spells.
You erupt in a blast of force!
The mystic blast hits the death yak!
The death yak is moderately wounded.
The mystic blast hits the death yak!
The death yak is almost dead.
The death yak is knocked back by the mystic blast.
* * * LOW HITPOINT WARNING * * *
Unknown command.
Unknown command.
Unknown command.
Unknown command.
Unknown command.
Unknown command.
Unknown command.
Unknown command.
Casting: Iskenderun's Mystic Blast (safe; 1% risk of failure)
Confirm with . or Enter, or press ? or * to list all spells.
You erupt in a blast of force!
The mystic blast hits the death yak!
The death yak is moderately wounded.
The death yak is knocked back by the mystic blast.
The mystic blast hits the death yak!
The death yak is heavily wounded.
* * * LOW HITPOINT WARNING * * *
The death yak gores you!
* * * LOW HITPOINT WARNING * * *
Unknown command.
Unknown command.
Unknown command.
Unknown command.
Unknown command.
Unknown command.
Unknown command.
Unknown command.
Unknown command.
You feel better. The death yak completely misses you.
The death yak attacks as it pursues you!
The death yak gores you!!
You die...

..##..>...#.
#..........#.
#......#.....
#.#..........
#####...#.......#
.........†.._....
#.....#Y......# .
#...@YY.......
.....#.#..####.#
.... ###.#.##
...#.##.....#
#.......#.##
..#...#...##
......†.<.#
..#......##
########


You could see 3 death yaks.

Vanquished Creatures
  A two-headed ogre (D:10)
  Erica (D:9)
  4 death yaks
  Amaemon (D:8)
  Pikel (D:7)
  Maurice (D:9)
  An orange demon (D:9)
  2 komodo dragons
  4 trolls
  Grinder (D:4)
  A basilisk (D:10)
  16 yaks
  A steam dragon (D:7)
  A vampire mosquito (D:6)
  Menkaure (D:4)
  5 orc warriors
  A black bear (D:5)
  2 crocodiles (Sewer)
  3 ogres
  4 centaurs
  4 lemures (D:7)
  2 phantoms
  A kobold brigand (D:10)
  7 bullfrogs
  2 scorpions (D:7)
  4 wights (D:9)
  An electric eel (D:7)
  2 howler monkeys
  2 jellies
  2 orc priests
  5 hounds
  A gnoll bouda (D:5)
  Natasha (twice) (D:2)
  8 iguanas
  11 orc wizards
  A malarious merfolk avatar (Sewer)
  A sickly merfolk siren (Sewer)
  4 gnolls (D:5)
  A river rat (Sewer)
  9 adders
  2 shadow imps (D:6)
  2 white imps
  6 ufetubi
  4 ribbon worms
  32 orcs
  3 bats
  9 endoplasms
  7 giant cockroaches
  6 goblins
  2 hobgoblins
  4 jackals (D:2)
  14 kobolds
  5 quokkas
  12 ball pythons
  5 frilled lizards
  25 rats
260 creatures vanquished.

Vanquished Creatures (others)
  36 fulminant prisms
36 creatures vanquished.

Grand Total: 296 creatures vanquished

Notes
Turn   | Place    | Note
-------+----------+-------------------------------------------
     0 | D:1      | shadizar the Djinni Conjurer began the quest for the Orb.
     0 | D:1      | shadizar set off with the following spells memorised: Magic
                  | Dart, Searing Ray, Fulminant Prism, Iskenderun's Mystic
                  | Blast.
     0 | D:1      | Reached XP level 1. HP: 15/15 MP: 0/0
   204 | D:1      | Reached XP level 2. HP: 21/22 MP: 0/0
   759 | D:2      | Reached skill level 1 in Fighting
   759 | D:2      | Reached XP level 3. HP: 24/27 MP: 0/0
   759 | D:2      | Learned a level 1 spell: Shock
   822 | D:2      | Noticed Natasha
   827 | D:2      | Killed Natasha
   828 | D:2      | Reached XP level 4. HP: 19/32 MP: 0/0
  1282 | D:2      | Noticed Natasha
  1289 | D:2      | Killed Natasha
  1290 | D:2      | Reached XP level 5. HP: 20/38 MP: 0/0
  1290 | D:2      | Learned a level 2 spell: Static Discharge
  1950 | D:3      | Found a stormy altar of Qazlal.
  2784 | D:4      | Found a basalt altar of Yredelemnul.
  2802 | D:4      | Noticed Grinder
  2809 | D:4      | Paralysed by Grinder for 2 turns
  2814 | D:4      | Killed Grinder
  2815 | D:4      | Reached skill level 5 in Spellcasting
  2815 | D:4      | Reached skill level 5 in Conjurations
  2815 | D:4      | Reached skill level 5 in Hexes
  2815 | D:4      | Reached skill level 5 in Summonings
  2815 | D:4      | Reached skill level 5 in Necromancy
  2815 | D:4      | Reached skill level 5 in Translocations
  2815 | D:4      | Reached skill level 5 in Fire Magic
  2815 | D:4      | Reached skill level 5 in Ice Magic
  2815 | D:4      | Reached skill level 5 in Air Magic
  2815 | D:4      | Reached skill level 5 in Earth Magic
  2815 | D:4      | Reached skill level 5 in Alchemy
  2815 | D:4      | Reached XP level 6. HP: 24/46 MP: 0/0
  3023 | D:4      | Reached XP level 7. HP: 46/50 MP: 0/0
  3023 | D:4      | Learned a level 2 spell: Lesser Beckoning
  3046 | D:4      | Noticed Menkaure
  3052 | D:4      | Killed Menkaure
  3454 | D:4      | Found an ornate altar of the Wu Jian Council.
  3500 | D:5      | Entered Level 5 of the Dungeon
  3637 | D:5      | Reached XP level 8. HP: 39/58 MP: 0/0
  3951 | D:5      | Reached skill level 5 in Fighting
  3999 | D:5      | Found Magezec's Assorted Antiques.
  4142 | D:5      | Bought a blackened bronze wand for 124 gold pieces
  4348 | D:6      | Reached XP level 9. HP: 42/65 MP: 0/0
  4348 | D:6      | Learned a level 3 spell: Passwall
  4507 | D:6      | Found a glowing drain.
  4533 | Sewer    | Entered a sewer
  5225 | D:6      | Found a runed translucent door.
  5225 | D:6      | Noticed Konar's ghost (novice AtFi)
  5226 | D:6      | Found a staircase to the Ecumenical Temple.
  5453 | D:6      | Found a glowing silver altar of Zin.
  5915 | Temple   | Entered the Ecumenical Temple
  6084 | D:7      | Noticed Pikel
  6103 | D:7      | Killed Pikel
  6116 | D:7      | Reached XP level 10. HP: 8/75 MP: 0/0
  6793 | D:7      | Found a runed translucent gate.
  6794 | D:7      | Found a runed translucent gate.
  6794 | D:7      | Found a runed translucent gate.
  6794 | D:7      | Noticed mrw0lf's ghost (novice GnCK)
  6923 | D:7      | Found a burning altar of Makhleb.
  6923 | D:7      | Noticed a green death
  6926 | D:7      | Noticed an orange demon
  6928 | D:7      | Became a worshipper of Makhleb the Destroyer
  7062 | D:8      | Identified the +6 dagger of Kyfit {flame, rF+ rN++ rCorr}
  7442 | D:8      | Found a sparkling altar of Nemelex Xobeh.
  7811 | D:8      | Noticed an orange demon
  7827 | D:8      | Noticed Amaemon
  7845 | D:8      | Killed Amaemon
  7846 | D:8      | Reached skill level 10 in Spellcasting
  7846 | D:8      | Reached skill level 10 in Conjurations
  7846 | D:8      | Reached skill level 10 in Hexes
  7846 | D:8      | Reached skill level 10 in Summonings
  7846 | D:8      | Reached skill level 10 in Necromancy
  7846 | D:8      | Reached skill level 10 in Translocations
  7846 | D:8      | Reached skill level 10 in Fire Magic
  7846 | D:8      | Reached skill level 10 in Ice Magic
  7846 | D:8      | Reached skill level 10 in Air Magic
  7846 | D:8      | Reached skill level 10 in Earth Magic
  7846 | D:8      | Reached skill level 10 in Alchemy
  7986 | D:9      | Reached skill level 1 in Armour
  8299 | D:9      | Reached * piety under Makhleb
  8454 | D:8      | Reached XP level 11. HP: 32/81 MP: 0/0
  8454 | D:8      | Learned a level 4 spell: Petrify
  8455 | D:8      | Reached skill level 5 in Dodging
  8632 | D:9      | Reached skill level 5 in Armour
  8644 | D:9      | Noticed Maurice
  8835 | D:9      | Maurice stole a ring of positive energy
  8946 | D:9      | Killed Maurice
  8955 | D:9      | Noticed Erica
  9129 | D:9      | Killed Erica
  9336 | D:9      | Found a blossoming altar of Fedhas.
  9379 | D:9      | Found a shimmering altar of Xom.
  9622 | D:10     | Entered Level 10 of the Dungeon
  9772 | D:10     | Noticed a two-headed ogre
  9775 | D:10     | Killed a two-headed ogre
  9822 | D:10     | Noticed a death yak
  9825 | D:10     | Reached ** piety under Makhleb
  9826 | D:10     | Noticed a death yak
  9831 | D:10     | Killed a death yak
  9832 | D:10     | Reached XP level 12. HP: 78/86 MP: 0/0
  9835 | D:10     | Killed a death yak
  9838 | D:10     | Found a staircase to the Lair.
  9962 | D:10     | Identified the +1 flail of Metun {protect, Int+3}
 10011 | D:10     | Found a staircase to the Orcish Mines.
 10582 | Lair:1   | Entered Level 1 of the Lair of Beasts
 10597 | Lair:1   | Found a white marble altar of Elyvilon.
 10598 | Lair:1   | Noticed a death yak
 10605 | Lair:1   | Noticed a death yak
 10606 | Lair:1   | Noticed a death yak
 10608 | Lair:1   | Noticed a death yak
 10610 | Lair:1   | Noticed a death yak
 10612 | Lair:1   | Noticed a death yak
 10615 | Lair:1   | Killed a death yak
 10618 | Lair:1   | Killed a death yak
 10620 | Lair:1   | HP: 3/86 [death yak (14)]
 10622 | Lair:1   | Mangled by a death yak

Illustrated notes

Levels and vault maps discovered:
D:1:      psy_arrival_fountain, layout_loops_ring, minmay_ruptured
D:2:      layout_loops_ring, chequers_serial_rivers_small_3, uniq_natasha
D:3:      layout_basic, mainiacjoe_overflow_tiny_flanked
D:4:      layout_basic, nicolae_wu_jian_immortal_techniques,
          mainiacjoe_overflow_brackets, uniq_grinder, uniq_menkaure
D:5:      layout_basic, serial_shops, nicolae_shop_behind_doors
D:6:      minmay_chambers_of_fours, layout_cave_pools,
          mainiacjoe_overflow_24_doors, kiku_gazebo_garden_becter,
          minmay_temple_entry_statues_fountains, ebering_ghost_sewer_d,
          gup_sewer_entry_glass, hangedman_decor_peaks_small, kennysheep_donut,
          minmay_misc_feat_tower
D:7:      layout_rooms, makhleb_altar_promises_db, serial_bayou,
          serial_bayou_pond_a, serial_bayou_pond_a, serial_bayou_pond_c,
          serial_bayou_pond_e, gammafunk_ghost_nasty_kobolds, uniq_pikel
D:8:      layout_loops_ring, nemelex_diamond_rough_becter, uniq_amaemon
D:9:      layout_cave_pools, mainiacjoe_overflow_catch_the_wave, enter_bailey_6,
          uniq_maurice, uniq_erica
D:10:     nicolae_BIG_FREAKIN_CUBE, layout_stronghold, dpeg_lair_monsters,
          orc_0_dummy
Temple:   nicolae_temple_god_jail
Lair:1:   layout_misc_corridors, basic_altar, gammafunk_ghost_wrathful_warriors,
          nicolae_lair_lakeside_cave

Skill      XL: |  1  2  3  4  5  6  7  8  9 10 11 12 |
---------------+-------------------------------------+-----
Fighting       | 1 2 3 4 5 7 8 |  8.1
Spellcasting   | 4 5 6 7 9 10 11 12 | 12.0
Conjurations   | 4 5 6 7 9 10 11 12 | 12.0
Hexes          | 4 5 6 7 9 10 11 12 | 12.0
Summonings     | 4 5 6 7 9 10 11 12 | 12.0
Necromancy     | 4 5 6 7 9 10 11 12 | 12.0
Translocations | 4 5 6 7 9 10 11 12 | 12.0
Fire Magic     | 4 5 6 7 9 10 11 12 | 12.0
Ice Magic      | 4 5 6 7 9 10 11 12 | 12.0
Air Magic      | 4 5 6 7 9 10 11 12 | 12.0
Earth Magic    | 4 5 6 7 9 10 11 12 | 12.0
Alchemy        | 4 5 6 7 9 10 11 12 | 12.0
Armour         | 3 6 |  6.1
Dodging        | 4 7 |  7.2
Stealth        | |  1.5

Action                     |  1- 3 |  4- 6 |  7- 9 | 10-12 || total
---------------------------+-------+-------+-------+-------++-------
   Cast: Magic Dart        |    36 |   108 |   168 |    80 ||   392
         Searing Ray       |     2 |     8 |    14 |     4 ||    28
         Fulminant Prism   |       |       |    10 |    27 ||    37
         Iskenderun's Myst |       |       |    30 |    95 ||   125
    Use: Scroll            |       |       |    13 |     5 ||    18
         Potion            |       |       |       |     2 ||     2
 Armour: Robe              |     9 |    11 |    30 |    49 ||    99
         Troll leather arm |       |       |       |     7 ||     7
         Skin              |       |       |       |     1 ||     1
  Dodge: Dodged            |     1 |    12 |    27 |    58 ||    98
  Block: Other             |       |       |     8 |    12 ||    20
         Reflection        |       |       |     1 |     4 ||     5

Table legend: (Time is in decaauts)
 A = Elapsed time spent in this place.
 B = Non-inter-level travel time spent in this place.
 C = Inter-level travel time spent in this place.
 D = Time resting spent in this place.
 E = Time spent auto-exploring this place.
 F = Levels seen in this place.
 G = Mean time per level.
                   A        B        C        D        E       F      G
               +--------+--------+--------+--------+--------+-----+--------+
         Total |  10645 |  10230 |    415 |      0 |   8607 |  13 |  818.8 |
       Dungeon |   9907 |   9493 |    414 |      0 |   8132 |  10 |  990.7 |
        Temple |     51 |     51 |      0 |      0 |      0 |   1 |   51.0 |
          Lair |     39 |     39 |      0 |      0 |      8 |   1 |   39.0 |
         Sewer |    645 |    645 |      0 |      0 |    467 |   1 |  645.0 |
               +--------+--------+--------+--------+--------+-----+--------+

Top non-repeatable levels by time:
     D:8: 1954 daAuts
     D:7: 1015 daAuts
     D:6: 993 daAuts
     D:3: 970 daAuts
    D:10: 958 daAuts
     D:2: 922 daAuts
     D:5: 839 daAuts
     D:1: 814 daAuts
     D:4: 791 daAuts
     D:9: 647 daAuts
   Sewer: 645 daAuts
  Temple: 51 daAuts
  Lair:1: 39 daAuts
